 Dungeon Crawl Stone Soup version 0.23-a0-642-g3120c2f5a9 (webtiles) character file.

33 Adamkad1 the Skirmisher (level 3, -3/23 HPs)
             Began as a Gargoyle Abyssal Knight on Dec 31, 2018.
             Was a Follower of Lugonu.
             Slain by a hound (4 damage)
             ... on level 2 of the Dungeon.
             The game lasted 00:01:09 (1059 turns).

Adamkad1 the Skirmisher (Gargoyle Abyssal Knight)   Turns: 1059, Time: 00:01:09

Health: -3/23      AC:  8    Str: 16    XL:     3   Next: 29%
Magic:  4/4        EV: 10    Int: 12    God:    Lugonu [*.....]
Gold:   46         SH:  0    Dex:  9    Spells: 2/2 levels left

rFire    . . .     SeeInvis .   a - +1 mace
rCold    . . .     Gourm    .   (no shield)
rNeg     + . .     Faith    .   n - +0 ring mail
rPois    ∞         Spirit   .   (no helmet)
rElec    +         Reflect  .   (no cloak)
rCorr    .         Harm     .   (no gloves)
MR       .....                  (no boots)
Stlth    ..........             (no amulet)
HPRegen  0.07/turn              (no ring)
MPRegen  0.09/turn              (no ring)

@: no status effects
A: negative energy resistance 1, electricity resistance, unbreathing,
petrification resistance, rot immunity, AC +3
a: Depart the Abyss, Renounce Religion


You were on level 2 of the Dungeon.
You worshipped Lugonu.
Lugonu was aware of your devotion.
You were not hungry.

You visited 1 branch of the dungeon, and saw 2 of its levels.
You visited the Abyss 1 time.

You collected 46 gold pieces.

Inventory:

Hand Weapons
 a - a +1 mace (weapon)
Armour
 b - a +0 leather armour
 n - a +0 ring mail (worn)
Jewellery
 j - an uncursed amulet of rage {unknown}
Scrolls
 e - a scroll of enchant weapon {unknown}
 h - a scroll of enchant armour {unknown}
 k - a scroll of fog {unknown}
 l - a scroll of teleportation {unknown}
 m - a scroll of amnesia {unknown}
 o - a scroll of magic mapping {unknown}
Potions
 f - a potion of resistance {unknown}
 g - a potion of might {unknown}
 i - a potion of mutation {unknown}
Comestibles
 c - 4 rations


   Skills:
 + Level 3.5 Fighting
 * Level 2.5 Maces & Flails
 * Level 2.8 Armour
 + Level 1.0 Dodging
 + Level 2.3 Invocations


You had 2 spell levels left.
You didn't know any spells.
Your spell library was empty.

Dungeon Overview and Level Annotations

Branches:
Dungeon (2/15)

Altars:


Innate Abilities, Weirdness & Mutations

You are resistant to torment.
Your stone body is resilient. (AC +3)
You are immune to poison.
You resist negative energy. (rN+)
You are resistant to electric shocks. (rElec)
You can survive without breathing.
You are immune to petrification.
You are immune to rotting.


Message History

The hound bites you.
You are too injured to fight recklessly!
You are too injured to fight recklessly!
Unknown command.
The jackal barks!
Unknown command.
You barely miss the hound.
The hound is almost dead.
The hound bites you but does no damage. The hound barely misses you.
You completely miss the hound.
The hound is almost dead.
The hound bites you. x2
* * * LOW HITPOINT WARNING * * *
You miss the hound.
The hound is almost dead.
The hound bites you.
* * * LOW HITPOINT WARNING * * *
A jackal comes into view.
The hound bites you.
You die...

..... #.
h....####. .#
......).#.###)#
#...h...#..##.#
#....h..##.##.#
#.......##.##.#
#.......##..#.#
#.....hlh@..#.#
#.......##....#
#.......##.#..#
#..$....##.#..#
##########.##.#
#.##.# ######
#.##># #.....
#.##.# #.####
#. #.# #.#


You could see a hound, 3 jackals and a frilled lizard.

Vanquished Creatures
  2 dart slugs (D:1)
  A leopard gecko (D:1)
  3 bats (D:1)
  A giant cockroach (D:1)
  4 goblins (D:1)
  A hobgoblin (D:2)
  7 jackals (D:1)
  A frilled lizard (D:1)
  3 kobolds (D:1)
  2 rats (D:1)
25 creatures vanquished.

Notes
Turn   | Place    | Note
-------+----------+-------------------------------------------
     0 | Abyss:1  | Adamkad1 the Gargoyle Abyssal Knight began the quest for
                  | the Orb.
     0 | Abyss:1  | Reached XP level 1. HP: 14/14 MP: 2/2
     0 | Abyss:1  | Found a corrupted altar of Lugonu.
    41 | D:1      | Escaped the Abyss
   224 | D:1      | Reached XP level 2. HP: 12/19 MP: 3/3
   560 | D:1      | Reached skill level 1 in Dodging
   673 | D:1      | Reached XP level 3. HP: 16/23 MP: 4/4
  1059 | D:2      | HP: 1/23 [hound (3)]
  1059 | D:2      | Slain by a hound

Vault maps used:
D:1:      scummos_arrival_forest, kennysheep_another_room
Abyss:1:  evilmike_abyss_exit_plants, hangedman_abyss_feature_spike

Skill      XL: |  1  2 |
---------------+-------+-----
Dodging        | 1 |  1.0
Fighting       | |  3.5
Maces & Flails | |  2.5
Armour         | |  2.8
Invocations    | |  2.3

Action                   || total
-------------------------++-------
Melee: Mace              ||    95
  Eat: Chunk             ||     1
Armor: Leather armour    ||    37
       Ring mail         ||    21
Dodge: Dodged            ||    87

Table legend:
 A = Non-vault XP
 B = Vault XP
 C = Vault XP percentage of total XP
 D = Non-vault monster count
 E = Vault monster count
 F = Vault count percentage of total count
                 A         B        C        D         E       F
            +---------+---------+-------+---------+---------+-------
      Total |      48 |       0 |   0.0 |      25 |       0 |   0.0
            +---------+---------+-------+---------+---------+-------
        D:1 |      46 |       0 |   0.0 |      24 |       0 |   0.0
        D:2 |       2 |       0 |   0.0 |       1 |       0 |   0.0
            +---------+---------+-------+---------+---------+-------
